AoeStats
← Spagetka

Arabia

509936302Analyzed
1v1 RM · 5d ago on Sep 28, 2026· 21m 34s· 2 players
Game mode
Random Map
Map size
Tiny (2 player)
Population
200
Speed
Normal
Resources
Standard
Victory
Conquest
Starting age
Dark Age
Ending age
Imperial Age
RankedLock teamsTeams togetherTeam positionsShared explorationLock speedFull tech treeHidden civsTurbo modeCheats
Victory
Defeat
🇸🇰 Georgians · Slovakia
922
+17
🇺🇸 Sicilians · United States
952
-50
Spagetka
9:05 Feudal Age
13:34 Horse Collar
13:43 Double-Bit Axe
14:32 Scale Barding Armor
14:41 Forging
16:44 Loom
18:19 Fletching
20:06 Bloodlines
22:02 Scale Barding Armor
WizardChicken
4:20 Loom
11:36 Feudal Age
12:17 Horse Collar
12:24 Double-Bit Axe
14:08 Gold Mining
15:21 Wheelbarrow
Connection lost

Rejoining the realm…

Still unreachable

The connection could not be restored.

Session expired

The server has moved on; the page needs a fresh start.